[Event "Titled Tuesday Blitz July 4 Early 2023"]
[White "Vila Dupla, Aurelio"]
[Black "Fisabilillah, Ummi"]
[WhiteFideId "2203383"]
[BlackFideId "7104804"]
[WhiteElo "2172"]
[BlackElo "2335"]
[Result "0-1"]
[Round "9"]
[TimeControl "180+2"]
[Date "2023.07.04"]
[WhiteClock "0:00:39"]
[BlackClock "0:01:20"]
[Board "157"]

1. Nf3 d5 2. d4 Nf6 3. c4 c6 4. cxd5 cxd5 5. Nc3 a6 6. Bf4 Nc6 7. e3 g6 8. Bd3 Bg7 9. O-O O-O 10. h3 Nb4 11. Bb1 Bd7 12. a3 Nc6 13. Ne5 Rc8 14. Nxc6 Bxc6 15. Be5 Qd7 16. Bd3 Rfd8 17. Qe2 Ne4 18. Bxe4 Bxe5 19. Bf3 Bb8 20. Rfd1 Kg7 21. Rd2 Qd6 22. g3 h5 23. h4 Qf6 24. Bg2 Qf5 25. Rc1 Qg4 26. Rdc2 e6 27. Qf3 Bd7 28. Ne2 Bd6 29. Rxc8 Bxc8 30. Rxc8 Rxc8 31. Nc3 Bxa3 32. Qxg4 hxg4 33. Nxd5 Bxb2 0-1


[Site "https://www.chess.com"]

[Event "Titled Tuesday Blitz July 4 Early 2023"]
[White "Feliz Dotel, Dewar Bienvenido"]
[Black "Dwilewicz, Katarzyna"]
[WhiteFideId "6402801"]
[BlackFideId "1148486"]
[WhiteElo "2167"]
[BlackElo "2323"]
[Result "0-1"]
[Round "9"]
[TimeControl "180+2"]
[Date "2023.07.04"]
[WhiteClock "0:00:00"]
[BlackClock "0:00:06"]
[Board "158"]

1. d4 d5 2. e3 Nf6 3. Nf3 g6 4. Be2 Bg7 5. O-O O-O 6. b4 a5 7. b5 c5 8. bxc6 Nxc6 9. c4 b6 10. Nbd2 Ba6 11. Ba3 dxc4 12. Nxc4 b5 13. Nce5 Nxe5 14. Nxe5 b4 15. Bb2 Nd5 16. Bxa6 Rxa6 17. Qe2 Rb6 18. Nc4 Rb7 19. Rac1 a4 20. Rfd1 Qa8 21. Qf3 Rb5 22. e4 Nb6 23. d5 Bxb2 24. Nxb2 b3 25. axb3 Rxb3 26. Nd3 a3 27. Qe2 a2 28. Ra1 Ra3 29. Nb4 Qa4 30. Nc2 Rc3 31. Ne3 Ra8 32. h3 Rb3 33. e5 Ra3 34. e6 f6 35. Qd2 Qe4 0-1


[Site "https://www.chess.com"]

[Event "Titled Tuesday Blitz July 4 Early 2023"]
[White "Biriukov, Ilja"]
[Black "Hartikainen, Jarmo"]
[WhiteFideId "4113373"]
[BlackFideId "503134"]
[WhiteElo "2278"]
[BlackElo "2153"]
[Result "0-1"]
[Round "9"]
[TimeControl "180+2"]
[Date "2023.07.04"]
[WhiteClock "0:01:08"]
[BlackClock "0:00:38"]
[Board "159"]

1. c4 Nf6 2. Nc3 d5 3. cxd5 Nxd5 4. g3 g6 5. Bg2 Nxc3 6. bxc3 Bg7 7. Nf3 O-O 8. O-O c5 9. Rb1 Nc6 10. Qc2 Qc7 11. d3 e5 12. Nd2 Be6 13. Ne4 b6 14. Qa4 Rac8 15. h3 h6 16. a3 Rfd8 17. Nd2 Qd7 18. Kh2 f5 19. Nc4 Kh7 20. Ne3 Ne7 21. c4 Qxa4 0-1


[Site "https://www.chess.com"]

[Event "Titled Tuesday Blitz July 4 Early 2023"]
[White "rionelG"]
[Black "BebeBonito2022"]
[WhiteElo "2274"]
[BlackElo "2143"]
[Result "0-1"]
[Round "9"]
[TimeControl "180+2"]
[Date "2023.07.04"]
[WhiteClock "0:00:00"]
[BlackClock "0:01:24"]
[Board "160"]

1. e4 e5 2. Nf3 Nc6 3. d4 exd4 4. Nxd4 Nf6 5. Nxc6 bxc6 6. e5 Qe7 7. Qe2 Nd5 8. c4 Ba6 9. Nd2 O-O-O 10. Nf3 Qb4+ 11. Qd2 Bxc4 12. Qxb4 Bxb4+ 13. Bd2 Bxf1 14. Rxf1 Rhe8 15. Bxb4 Nxb4 16. Kd2 d6 17. exd6 cxd6 18. a3 Nd5 19. Rac1 Kb7 20. Nd4 c5 21. Nb5 Nf4 22. g3 Re2+ 23. Kd1 Rxb2 24. a4 Nd3 25. Rc3 Rxf2 26. Rxf2 Nxf2+ 27. Ke2 Ne4 28. Rf3 f6 29. Kd3 d5 0-1


[Site "https://www.chess.com"]

[Event "Titled Tuesday Blitz July 4 Early 2023"]
[White "Lisjak, Zlatko"]
[Black "Kuchava, Ana"]
[WhiteFideId "14502186"]
[BlackFideId "13605348"]
[WhiteElo "2130"]
[BlackElo "2272"]
[Result "1-0"]
[Round "9"]
[TimeControl "180+2"]
[Date "2023.07.04"]
[WhiteClock "0:02:01"]
[BlackClock "0:00:19"]
[Board "161"]

1. e4 c5 2. b4 cxb4 3. Bb2 Nc6 4. d4 d5 5. exd5 Qxd5 6. c4 bxc3 7. Nxc3 Qa5 8. d5 Ne5 9. Qd4 Nd7 10. Nf3 Ngf6 11. Bc4 g6 12. O-O Bg7 13. d6 e5 14. Bxf7+ Kxf7 15. Ng5+ Ke8 16. Qc4 Nc5 17. Qf7+ Kd8 18. Qe7# 1-0


[Site "https://www.chess.com"]

[Event "Titled Tuesday Blitz July 4 Early 2023"]
[White "Mendez, Ruddy Antonio"]
[Black "Aanna12"]
[WhiteFideId "6403387"]
[WhiteElo "2272"]
[BlackElo "2085"]
[Result "0-1"]
[Round "9"]
[TimeControl "180+2"]
[Date "2023.07.04"]
[WhiteClock "0:00:00"]
[BlackClock "0:00:26"]
[Board "162"]

1. d4 Nf6 2. c4 d6 3. Nf3 Nbd7 4. g3 e5 5. Bg2 Be7 6. O-O O-O 7. Nc3 c6 8. e4 Qc7 9. h3 Re8 10. Re1 Bf8 11. Be3 h6 12. Rc1 exd4 13. Nxd4 Nc5 14. Qc2 a5 15. b3 Bd7 16. a3 Ne6 17. Na4 Ng5 18. Kh2 Ngxe4 19. Ne2 Bf5 20. Qd1 c5 21. Nf4 Rad8 22. Nd5 Nxd5 23. Qxd5 Bg6 24. Red1 Re5 25. Qd3 Nxf2 26. Qd2 Nxd1 27. Rxd1 Rde8 28. Bf4 Re2 29. Qd5 Be4 30. Qxe4 R8xe4 31. Rg1 Rd4 32. Nc3 Rc2 33. Nd5 Rxd5 34. cxd5 Qe7 35. h4 Qe2 0-1


[Site "https://www.chess.com"]

[Event "Titled Tuesday Blitz July 4 Early 2023"]
[White "Singgih, Diajeng Theresa"]
[Black "laimis61"]
[WhiteFideId "7104391"]
[WhiteElo "2111"]
[BlackElo "2244"]
[Result "1-0"]
[Round "9"]
[TimeControl "180+2"]
[Date "2023.07.04"]
[WhiteClock "0:00:38"]
[BlackClock "0:00:44"]
[Board "163"]

1. e4 c5 2. Nf3 e6 3. d4 cxd4 4. Nxd4 a6 5. Nc3 Qc7 6. Be2 Nc6 7. O-O Nf6 8. Nb3 d6 9. f4 Be7 10. Be3 O-O 11. g4 b5 12. g5 Nd7 13. a3 Bb7 14. f5 Rfe8 15. Bg4 Bf8 16. f6 Nde5 17. Nd4 Nxg4 18. Qxg4 Ne5 19. Qh5 Nc4 20. Rae1 Nxb2 21. Nde2 Nc4 22. Bc1 gxf6 23. Rxf6 Bg7 24. Ref1 Bxf6 25. Rxf6 Qc5+ 26. Kh1 Qe5 27. Qxf7+ Kh8 28. Qxb7 Rab8 29. Qf7 Rf8 30. Qxf8+ Rxf8 31. Rxf8+ Kg7 32. Rf6 Qc5 33. Nf4 Qe5 34. Nxe6+ Kg8 35. Rf8# 1-0


[Site "https://www.chess.com"]

[Event "Titled Tuesday Blitz July 4 Early 2023"]
[White "Mishra, Manoj"]
[Black "Politov, Pavel Y."]
[WhiteFideId "5006007"]
[BlackFideId "24110515"]
[WhiteElo "2209"]
[BlackElo "2061"]
[Result "0-1"]
[Round "9"]
[TimeControl "180+2"]
[Date "2023.07.04"]
[WhiteClock "0:01:02"]
[BlackClock "0:00:34"]
[Board "164"]

1. b3 d5 2. Bb2 Nf6 3. e3 g6 4. f4 Bg7 5. Nf3 O-O 6. Ne5 Nbd7 7. d3 Nxe5 8. Bxe5 Ng4 9. Bxg7 Kxg7 10. Qc1 d4 11. e4 Ne3 12. Nd2 Qd6 13. g3 Qc5 14. Nc4 Qb4+ 15. Ke2 Nxc4 16. bxc4 Qc5 17. Rb1 c6 18. c3 e5 19. Qb2 Bg4+ 20. Ke1 dxc3 21. Qxc3 Qe3+ 0-1


[Site "https://www.chess.com"]

[Event "Titled Tuesday Blitz July 4 Early 2023"]
[White "Sariego Figueredo, Wilfredo"]
[Black "Goughfather"]
[WhiteFideId "3500080"]
[WhiteElo "2191"]
[BlackElo "2046"]
[Result "1-0"]
[Round "9"]
[TimeControl "180+2"]
[Date "2023.07.04"]
[WhiteClock "0:00:38"]
[BlackClock "0:00:00"]
[Board "165"]

1. d4 d5 2. Bf4 Nf6 3. e3 c5 4. c3 e6 5. Nd2 Bd6 6. Bg3 Qc7 7. Ngf3 Nbd7 8. Be2 O-O 9. O-O e5 10. dxe5 Nxe5 11. Nxe5 Bxe5 12. Bxe5 Qxe5 13. c4 dxc4 14. Nxc4 Qe7 15. a4 b6 16. Bf3 Bb7 17. Bxb7 Qxb7 18. Qc2 Rad8 19. Rfd1 Qc7 20. h3 Rxd1+ 21. Rxd1 Rd8 22. Rd3 Rxd3 23. Qxd3 Qd7 24. Qc2 Qd5 25. a5 b5 26. Na3 a6 27. Nb1 Qe4 28. Qd1 Qd5 29. Qc1 c4 30. Nc3 Qd3 31. Qa1 Nd5 32. Nxb5 axb5 33. a6 Nc7 34. Qa5 Qd8 35. a7 Qd1+ 36. Kh2 Qd6+ 37. g3 Na8 38. Qxb5 1-0


[Site "https://www.chess.com"]

[Event "Titled Tuesday Blitz July 4 Early 2023"]
[White "Gyulamiryan-koryun"]
[Black "Kiseleva, Arina"]
[BlackFideId "4164989"]
[WhiteElo "1693"]
[BlackElo "2187"]
[Result "1-0"]
[Round "9"]
[TimeControl "180+2"]
[Date "2023.07.04"]
[WhiteClock "0:00:03"]
[BlackClock "0:00:00"]
[Board "166"]

1. d4 Nf6 2. c4 e6 3. Nc3 Bb4 4. Qc2 O-O 5. Nf3 Qe7 6. Bg5 h6 7. Bh4 a5 8. e3 d6 9. Bd3 e5 10. O-O Bxc3 11. bxc3 Re8 12. Nd2 b6 13. Be4 Ra7 14. Bf3 Bb7 15. h3 g5 16. Bg3 e4 17. Be2 Nbd7 18. Rae1 Nf8 19. f3 Ng6 20. fxe4 Nxe4 21. Nxe4 Bxe4 22. Bd3 Raa8 23. Bxe4 Qxe4 24. Qf2 Re7 25. Qf6 Rae8 26. Kh2 Qe6 27. Qf3 Qxc4 28. e4 Qxa2 29. Qh5 Kg7 30. e5 dxe5 31. dxe5 Qe6 32. h4 gxh4 33. Bxh4 Nxh4 34. Qxh4 Qg6 35. Qf6+ Kh7 36. Qf4 b5 37. Rf3 a4 38. Rh3 Ra8 39. Rh1 Ra6 40. Kg1 Kg7 41. Rg3 a3 42. Rxg6+ Rxg6 43. Kf2 a2 44. Ra1 Ra6 45. Qd2 Rxe5 46. Qd4 f6 47. Kg1 Rf5 48. Kh2 Rh5+ 49. Kg3 Rg5+ 50. Kh3 c5 51. Qf4 Re6 52. Qc7+ Kg6 53. Rxa2 Rh5+ 54. Kg3 Rg5+ 55. Kf2 Rf5+ 56. Kg1 Re1+ 57. Kh2 Rh5+ 58. Kg3 Rg5+ 59. Kf2 Ree5 60. Qc8 Rgf5+ 61. Kg1 Kh5 62. Qc6 b4 63. Rf2 Rg5 64. Rf1 Re2 65. Qf3+ 1-0


[Site "https://www.chess.com"]

[Event "Titled Tuesday Blitz July 4 Early 2023"]
[White "campochess"]
[Black "Ho, In Hei Henry"]
[BlackFideId "6002552"]
[WhiteElo "2135"]
[BlackElo "2064"]
[Result "0-1"]
[Round "9"]
[TimeControl "180+2"]
[Date "2023.07.04"]
[WhiteClock "0:00:00"]
[BlackClock "0:00:12"]
[Board "168"]

1. Nf3 Nf6 2. b3 e6 3. Bb2 d5 4. c4 c6 5. g3 Nbd7 6. Bg2 Bd6 7. d4 O-O 8. O-O b6 9. cxd5 cxd5 10. Nc3 Ba6 11. Re1 Rc8 12. Rc1 Qe7 13. e4 dxe4 14. Nxe4 Nxe4 15. Rxe4 Nf6 16. Rh4 Ba3 17. Qd2 Rxc1+ 18. Bxc1 Rc8 19. Bxa3 Qxa3 20. h3 Qc1+ 21. Kh2 Qxd2 22. Nxd2 Rc2 23. Nc4 Rxf2 24. Kg1 Rxa2 25. Nd6 Rb2 26. Rf4 Rxb3 27. g4 h6 28. h4 Rg3 29. g5 hxg5 30. hxg5 Rxg5 31. Kh2 Rg4 32. Rxg4 Nxg4+ 33. Kg3 Ne3 34. Be4 Bc4 35. Kf4 Bd5 36. Kxe3 Bxe4 37. Kxe4 g5 38. Nc8 f5+ 39. Ke3 a5 40. Nxb6 Kf7 41. Na4 Kf6 42. Nc5 e5 43. d5 g4 44. d6 f4+ 45. Ke4 g3 46. Kf3 a4 47. Nxa4 Ke6 48. Nc5+ Kxd6 49. Ne4+ Kd5 50. Nf6+ Kd4 51. Ng4 e4+ 52. Kxf4 g2 53. Ne3 g1=Q 54. Nf5+ Kd3 55. Nd6 Qe3+ 56. Ke5 Qd4+ 57. Ke6 Qxd6+ 58. Kxd6 e3 59. Kd5 e2 60. Kd6 e1=Q 61. Kd5 Qe4+ 62. Kd6 Qf5 63. Ke7 Qg6 64. Kd7 Qf6 65. Kc7 Qe6 66. Kb7 Qd6 0-1


[Site "https://www.chess.com"]

[Event "Titled Tuesday Blitz July 4 Early 2023"]
[White "Jaivardhan Raj"]
[Black "Pein, Jonathan"]
[WhiteFideId "25744437"]
[BlackFideId "417092"]
[WhiteElo "2085"]
[BlackElo "2407"]
[Result "0-1"]
[Round "9"]
[TimeControl "180+2"]
[Date "2023.07.04"]
[WhiteClock "0:00:11"]
[BlackClock "0:00:40"]
[Board "169"]

1. e4 c5 2. Nf3 d6 3. d4 cxd4 4. Qxd4 e5 5. Qe3 Nf6 6. c4 Be7 7. Nc3 Nc6 8. Be2 Bg4 9. h3 Bxf3 10. Bxf3 Nd4 11. Bd1 Rc8 12. b3 b5 13. Nxb5 Nxb5 14. cxb5 Qa5+ 15. Bd2 Qxb5 16. Be2 Qb7 17. O-O Qxe4 18. Bb5+ Kf8 19. Qxa7 h5 20. Rac1 Ra8 21. Qc7 Ne8 22. Qd7 Rd8 23. Qa7 Qd5 24. Bxe8 Rxe8 25. Be3 g6 26. Rc7 Ra8 27. Qb7 Qxb7 28. Rxb7 Rxa2 29. Rb8+ Kg7 30. Rb7 Bf6 31. Rc1 d5 32. Rcc7 Rf8 33. Bc5 Ra1+ 34. Kh2 Raa8 35. Bxf8+ Rxf8 36. Rd7 d4 37. b4 e4 38. g3 d3 39. b5 Bc3 40. Rbc7 Ba5 41. Ra7 Bb6 42. Rab7 Bxf2 43. b6 e3 44. Rxd3 e2 45. Re7 e1=Q 46. Rxe1 Bxe1 47. b7 Rb8 48. Rb3 Kf6 49. Kg2 Ba5 50. Kf3 Bc7 51. Ke4 Bxg3 52. Kd4 Kg5 53. Kc5 Kh4 54. Kc6 Kxh3 55. Kb6 f5 56. Ka7 Rg8 57. Rc3 Kg4 58. Rc8 Rg7 59. Rc3 h4 60. Rxg3+ hxg3 61. Ka8 Rxb7 62. Kxb7 0-1


[Site "https://www.chess.com"]

[Event "Titled Tuesday Blitz July 4 Early 2023"]
[White "Vazquez Espino, Uriel"]
[Black "Horokoskii"]
[WhiteFideId "5119138"]
[WhiteElo "2341"]
[BlackElo "2067"]
[Result "1-0"]
[Round "9"]
[TimeControl "180+2"]
[Date "2023.07.04"]
[WhiteClock "0:00:56"]
[BlackClock "0:00:08"]
[Board "170"]

1. c4 Nf6 2. Nc3 g6 3. g3 Bg7 4. Bg2 d6 5. Nf3 O-O 6. O-O Nbd7 7. Rb1 c6 8. b4 e5 9. d3 a6 10. a4 Ne8 11. b5 axb5 12. axb5 f5 13. Ne1 Qc7 14. Nc2 Nef6 15. Nb4 c5 16. Nbd5 Nxd5 17. Nxd5 Qd8 18. Bd2 Nf6 19. Bg5 Be6 20. Nxf6+ Bxf6 21. Bxf6 Qxf6 22. Bxb7 Rab8 23. Bg2 f4 24. Ra1 Rb6 25. Ra6 Rxa6 26. bxa6 Qe7 27. Qa4 Qa7 28. Rb1 Rf7 29. Qe8+ Kg7 30. Qxe6 Qxa6 31. Bd5 Ra7 32. Qg8+ Kh6 33. Qf8+ Kh5 34. Bf3+ Kg5 35. h4# 1-0


[Site "https://www.chess.com"]

[Event "Titled Tuesday Blitz July 4 Early 2023"]
[White "Semenova, Alina"]
[Black "Alice, Mateus Felizardo Viageiro"]
[WhiteFideId "24113875"]
[BlackFideId "14800047"]
[WhiteElo "2052"]
[BlackElo "2232"]
[Result "0-1"]
[Round "9"]
[TimeControl "180+2"]
[Date "2023.07.04"]
[WhiteClock "0:00:31"]
[BlackClock "0:01:02"]
[Board "171"]

1. e4 c5 2. Nf3 d6 3. d4 cxd4 4. Nxd4 Nf6 5. Nc3 a6 6. f3 e5 7. Nb3 Be6 8. Be3 Nbd7 9. Qd2 Qc7 10. O-O-O Be7 11. g4 h6 12. h4 b5 13. Kb1 Nb6 14. Bxb6 Qxb6 15. Nd5 Bxd5 16. exd5 a5 17. Qd3 Rb8 18. Qc3 O-O 19. g5 Rfc8 20. Qxa5 Qf2 21. Bd3 Nxd5 22. gxh6 Nf4 23. hxg7 Nxd3 24. cxd3 e4 25. fxe4 Qc2+ 26. Ka1 Bf6 27. d4 Ra8 28. Qb4 Ra4 29. Qxb5 Rca8 30. a3 Rxa3+ 31. bxa3 Rxa3# 0-1


[Site "https://www.chess.com"]

[Event "Titled Tuesday Blitz July 4 Early 2023"]
[White "Peiris, T G M"]
[Black "Blackwhite017"]
[WhiteFideId "9901310"]
[WhiteElo "2208"]
[BlackElo "2045"]
[Result "1-0"]
[Round "9"]
[TimeControl "180+2"]
[Date "2023.07.04"]
[WhiteClock "0:01:45"]
[BlackClock "0:00:05"]
[Board "172"]

1. e4 c5 2. Nf3 d6 3. d4 cxd4 4. Nxd4 Nf6 5. Nc3 g6 6. Bg5 Bg7 7. Qd2 O-O 8. Bh6 Nc6 9. Bxg7 Kxg7 10. Nxc6 bxc6 11. Be2 Qa5 12. O-O Rb8 13. Rab1 Ba6 14. Bxa6 Qxa6 15. a3 Rfd8 16. Qe3 Qb6 17. Qe2 e5 18. h3 Nh5 19. Kh2 Nf4 20. Qe1 f6 21. g3 Ne6 22. f4 Nd4 23. Qf2 Rf8 24. f5 gxf5 25. exf5 Rg8 26. Qd2 Kf7 27. Ne4 Qc7 28. Qh6 Qe7 29. Qxh7+ Rg7 30. Qh5+ Kf8 31. c3 Nb5 32. Rbd1 d5 33. Qh8+ Rg8 34. Qxf6+ Qxf6 35. Nxf6 Rh8 36. Nd7+ 1-0


[Site "https://www.chess.com"]

[Event "Titled Tuesday Blitz July 4 Early 2023"]
[White "Suduvasachmatai"]
[Black "Selkirk, Rebecca"]
[BlackFideId "14306514"]
[WhiteElo "2085"]
[BlackElo "1991"]
[Result "1-0"]
[Round "9"]
[TimeControl "180+2"]
[Date "2023.07.04"]
[WhiteClock "0:00:09"]
[BlackClock "0:00:09"]
[Board "173"]

1. e4 c5 2. c3 e6 3. d4 d5 4. exd5 exd5 5. Nf3 Nc6 6. Bb5 Qb6 7. Bxc6+ bxc6 8. O-O Nf6 9. Re1+ Be6 10. Ng5 Kd7 11. Nxe6 fxe6 12. dxc5 Bxc5 13. Qe2 Rae8 14. b4 Bd6 15. Be3 Qc7 16. h3 Rhf8 17. Nd2 Bf4 18. Nf3 Ne4 19. Nd4 Nxc3 20. Qg4 Be5 21. Nb3 Ne4 22. Rad1 Kc8 23. Nc5 Nxc5 24. Bxc5 Rf6 25. Qe2 Bh2+ 26. Kh1 Bd6 27. Qa6+ Kb8 28. Bxd6 Qxd6 29. b5 e5 30. Rb1 c5 31. b6 axb6 32. a4 Re7 33. a5 Rb7 34. Re2 b5 35. Qxd6+ Rxd6 36. Rxe5 c4 37. a6 Rbb6 38. Re8+ Kc7 39. a7 1-0


[Site "https://www.chess.com"]

[Event "Titled Tuesday Blitz July 4 Early 2023"]
[White "Vargas, Mauricio"]
[Black "Cramling Bellon, Anna"]
[WhiteFideId "4404572"]
[BlackFideId "32009232"]
[WhiteElo "1875"]
[BlackElo "2068"]
[Result "1-0"]
[Round "9"]
[TimeControl "180+2"]
[Date "2023.07.04"]
[WhiteClock "0:00:52"]
[BlackClock "0:00:00"]
[Board "174"]

1. e4 c5 2. Nc3 Nc6 3. f4 g6 4. Nf3 Bg7 5. Bb5 Nd4 6. Bf1 e6 7. d3 Ne7 8. g4 Nec6 9. Bg2 Nxf3+ 10. Bxf3 Qh4+ 11. Ke2 Nd4+ 12. Ke3 d5 13. e5 h5 14. g5 Bd7 15. Bd2 Bc6 16. Be1 Qh3 17. Bg3 Nxf3 18. Kxf3 d4+ 19. Ne4 h4 20. Kf2 Bxe4 21. dxe4 hxg3+ 22. hxg3 Qxh1 23. Qxh1 Rxh1 24. Rxh1 Kf8 25. Ke2 c4 26. Rd1 Rd8 27. b3 b5 28. a4 a6 29. axb5 axb5 30. bxc4 bxc4 31. Rb1 Ke7 32. Rb4 d3+ 33. cxd3 cxd3+ 34. Kd2 Kf8 35. Rb3 Kg8 36. Rxd3 Rxd3+ 37. Kxd3 Bf8 38. g4 Bc5 39. f5 gxf5 40. exf5 Kg7 41. Ke4 Bb4 42. Kd3 Ba3 43. Kc2 Bc5 44. Kd3 Bf2 45. Ke4 1-0


[Site "https://www.chess.com"]

[Event "Titled Tuesday Blitz July 4 Early 2023"]
[White "Gavarrete, Nahun"]
[Black "Lohani, Sujana"]
[WhiteFideId "8400709"]
[BlackFideId "12311987"]
[WhiteElo "2356"]
[BlackElo "1918"]
[Result "1-0"]
[Round "9"]
[TimeControl "180+2"]
[Date "2023.07.04"]
[WhiteClock "0:00:04"]
[BlackClock "0:00:00"]
[Board "175"]

1. d4 Nf6 2. c4 g6 3. Nf3 Bg7 4. Nc3 d6 5. e4 O-O 6. h3 Na6 7. Be3 c5 8. d5 Qa5 9. Qd2 Bd7 10. Be2 Nc7 11. O-O b5 12. Nxb5 Qxd2 13. Nxd2 Nxb5 14. cxb5 Rfb8 15. a4 a6 16. Ra3 axb5 17. axb5 Rxa3 18. bxa3 Ra8 19. b6 Bc8 20. Rb1 Bb7 21. Rb3 Nd7 22. Nc4 Ne5 23. Nxe5 Bxe5 24. Bb5 Rc8 25. Bc6 Bxc6 26. dxc6 Rxc6 27. b7 c4 28. b8=Q+ Kg7 29. Rb7 c3 30. Rc7 d5 31. Rxc6 Bxb8 32. Bd4+ 1-0


[Site "https://www.chess.com"]

[Event "Titled Tuesday Blitz July 4 Early 2023"]
[White "NtcPou"]
[Black "HeinichessPY"]
[WhiteElo "2024"]
[BlackElo "2128"]
[Result "0-1"]
[Round "9"]
[TimeControl "180+2"]
[Date "2023.07.04"]
[WhiteClock "0:00:03"]
[BlackClock "0:00:17"]
[Board "176"]

1. e4 c5 2. Nf3 Nc6 3. Bb5 g6 4. Bxc6 dxc6 5. O-O Bg7 6. Re1 e5 7. d3 Qe7 8. h3 Nf6 9. Be3 Nd7 10. a4 Nf8 11. a5 Ne6 12. c3 O-O 13. Nbd2 f5 14. Nc4 f4 15. Bc1 Ng5 16. Qe2 Nxf3+ 17. Qxf3 Be6 18. b3 Rad8 19. Ba3 Rd7 20. Rad1 Rfd8 21. Qe2 Rf8 22. f3 Qg5 23. Bxc5 Bxh3 24. Bxf8 Bxf8 25. Qf2 Be6 26. b4 Be7 27. Kf1 Qh5 28. Ke2 Bh4 29. g3 Bxg3 30. Qg2 Bxe1 31. Rxe1 Bxc4 32. dxc4 Qh4 33. Rh1 Qd8 34. Qh3 Rd2+ 0-1


[Site "https://www.chess.com"]

[Event "Titled Tuesday Blitz July 4 Early 2023"]
[White "Sarana, Alexey"]
[Black "Korobov, Anton"]
[WhiteFideId "24133795"]
[BlackFideId "14105730"]
[WhiteElo "3064"]
[BlackElo "3004"]
[Result "0-1"]
[Round "10"]
[TimeControl "180+2"]
[Date "2023.07.04"]
[WhiteClock "0:00:00"]
[BlackClock "0:00:04"]
[Board "1"]

1. d4 Nf6 2. c4 e6 3. Nc3 Bb4 4. e3 O-O 5. Bd3 d5 6. a3 Bxc3+ 7. bxc3 dxc4 8. Bxc4 c5 9. Ne2 Qc7 10. Ba2 b6 11. O-O Rd8 12. Ng3 Ba6 13. Re1 Nc6 14. Bb2 Na5 15. e4 Bc4 16. Bxc4 Nxc4 17. Bc1 cxd4 18. cxd4 Qd7 19. e5 Nd5 20. Bg5 Rdc8 21. Qg4 Kh8 22. Nh5 Rg8 23. Rad1 Raf8 24. Qh4 Qa4 25. Rd3 Qc2 26. Rh3 Qg6 27. Rg3 Qf5 28. h3 h6 29. Re4 Qh7 30. Bc1 g5 31. Qg4 Rc8 32. Re1 Qf5 33. Qe2 Qg6 34. f4 Na5 35. fxg5 Rc2 36. Qf3 Rc3 37. Qf2 Qxh5 38. Rxc3 Nxc3 39. gxh6 Nd5 40. Rf1 Qxh3 41. Qe2 Qg4 42. Rf3 Nc6 43. Qf2 Nxd4 44. Rxf7 Qd1+ 45. Kh2 Qh5+ 46. Kg1 Ne2+ 47. Kf1 Nxc1 48. Qc2 Qxh6 49. Kg1 Qe3+ 50. Kh1 Qh6+ 51. Kg1 Nf4 52. Qxc1 Nh3+ 53. Kf1 Qxc1+ 0-1


[Site "https://www.chess.com"]

[Event "Titled Tuesday Blitz July 4 Early 2023"]
[White "Harshavardhan G B"]
[Black "Mamedov, Rauf"]
[WhiteFideId "25059009"]
[BlackFideId "13401653"]
[WhiteElo "2871"]
[BlackElo "3052"]
[Result "1-0"]
[Round "10"]
[TimeControl "180+2"]
[Date "2023.07.04"]
[WhiteClock "0:00:31"]
[BlackClock "0:00:08"]
[Board "2"]

1. d4 d5 2. c4 e6 3. Nc3 c5 4. cxd5 exd5 5. Nf3 Nc6 6. g3 Nf6 7. Bg2 Be7 8. O-O O-O 9. dxc5 Bxc5 10. Bg5 d4 11. Bxf6 Qxf6 12. Nd5 Qd8 13. Nd2 Re8 14. Rc1 Bf8 15. Re1 Bg4 16. Nf4 Rc8 17. Bf3 Bxf3 18. Nxf3 Qb6 19. Nd3 Nb4 20. Rxc8 Rxc8 21. Nxb4 Bxb4 22. Rf1 Bc5 23. Qd2 Rd8 24. Ne5 Qe6 25. Nd3 Bb6 26. a3 h6 27. Rc1 Re8 28. Nf4 Qe4 29. Qd3 Qe5 30. Kf1 Bc7 31. Qf3 Bb6 32. b4 Qe7 33. Nd5 Qe6 34. Nf4 Qa2 35. Qd3 Qb2 36. Rc4 a6 37. h4 Qb1+ 38. Qxb1 1-0


[Site "https://www.chess.com"]

[Event "Titled Tuesday Blitz July 4 Early 2023"]
[White "Vokhidov, Shamsiddin"]
[Black "Pranav, V"]
[WhiteFideId "14204223"]
[BlackFideId "25060783"]
[WhiteElo "2936"]
[BlackElo "3013"]
[Result "1/2-1/2"]
[Round "10"]
[TimeControl "180+2"]
[Date "2023.07.04"]
[WhiteClock "0:00:13"]
[BlackClock "0:00:15"]
[Board "3"]

1. e4 c5 2. Nf3 Nc6 3. Bb5 g6 4. Bxc6 dxc6 5. d3 Bg7 6. O-O e5 7. a4 Qe7 8. a5 Nf6 9. h3 O-O 10. Be3 Rd8 11. Nbd2 Rb8 12. Qc1 Ne8 13. Nc4 f6 14. b3 Nc7 15. Bh6 Bh8 16. Nh2 Ne6 17. f4 exf4 18. Bxf4 Nxf4 19. Qxf4 Be6 20. Ng4 Bxg4 21. hxg4 f5 22. gxf5 Bxa1 23. Rxa1 gxf5 24. exf5 Qf6 25. Re1 Re8 26. Re6 Qd4+ 27. Qxd4 cxd4 28. Nd6 Rxe6 29. fxe6 Kf8 30. Nf5 c5 31. Kf2 b6 32. axb6 Rxb6 33. e7+ Kf7 34. Kf3 Re6 35. g4 Re1 36. Kf4 Re2 37. g5 a5 38. Kf3 Rxc2 39. Ke4 Rf2 40. Ke5 Rxf5+ 41. Kxf5 a4 42. bxa4 c4 43. a5 cxd3 44. a6 d2 45. e8=Q+ Kxe8 46. a7 d1=Q 47. a8=Q+ Kd7 48. Qb7+ Kd6 49. Qb6+ Kd5 50. Qb5+ Kd6 51. Qb6+ Kd7 52. Qb7+ Kd6 53. Qb6+ 1/2-1/2


[Site "https://www.chess.com"]

[Event "Titled Tuesday Blitz July 4 Early 2023"]
[White "Xiong, Jeffery"]
[Black "Matlakov, Maxim"]
[WhiteFideId "2047640"]
[BlackFideId "4168003"]
[WhiteElo "2934"]
[BlackElo "2949"]
[Result "1-0"]
[Round "10"]
[TimeControl "180+2"]
[Date "2023.07.04"]
[WhiteClock "0:01:51"]
[BlackClock "0:00:06"]
[Board "4"]

1. e4 e5 2. Nf3 Nf6 3. Nxe5 d6 4. Nf3 Nxe4 5. Nc3 Nf6 6. d4 g6 7. Bd3 Bg7 8. O-O O-O 9. h3 c5 10. d5 Na6 11. Bf4 Nc7 12. Bc4 Re8 13. a4 b6 14. Nd2 a6 15. Qf3 Bb7 16. Nde4 Nxe4 17. Nxe4 b5 18. axb5 axb5 19. Nxd6 bxc4 20. Nxb7 Qd7 21. Nxc5 Qb5 22. Bxc7 Rxa1 23. Rxa1 Qxc5 24. d6 Bxb2 25. Ra8 Rxa8 26. Qxa8+ Kg7 27. d7 1-0


[Site "https://www.chess.com"]

[Event "Titled Tuesday Blitz July 4 Early 2023"]
[White "Chigaev, Maksim"]
[Black "Nakamura, Hikaru"]
[WhiteFideId "4108116"]
[BlackFideId "2016192"]
[WhiteElo "2944"]
[BlackElo "3148"]
[Result "1/2-1/2"]
[Round "10"]
[TimeControl "180+2"]
[Date "2023.07.04"]
[WhiteClock "0:00:04"]
[BlackClock "0:00:06"]
[Board "5"]

1. e4 e5 2. Nf3 Nc6 3. Bc4 Nf6 4. d3 Bc5 5. c3 d6 6. Bg5 h6 7. Bh4 a6 8. Nbd2 Ba7 9. a4 g5 10. Bg3 Qe7 11. O-O O-O 12. b4 Nh7 13. Re1 h5 14. h4 g4 15. Nh2 Qd8 16. b5 Ne7 17. d4 exd4 18. cxd4 Bxd4 19. Rc1 axb5 20. Bxb5 Bg7 21. Kh1 f5 22. f4 c6 23. Bd3 d5 24. e5 Ng6 25. Nb3 Nxh4 26. Nc5 Ng6 27. Rf1 h4 28. Be1 g3 29. Nf3 Nxf4 30. Bd2 Ng6 31. Re1 b6 32. Nb3 c5 33. Bb5 h3 34. a5 f4 35. e6 d4 36. axb6 hxg2+ 37. Kxg2 Bb7 38. e7 Nxe7 39. Nxc5 Bd5 40. Ne6 Qd6 41. Bc4 Rf6 42. Nxf4 Bxc4 43. Rxc4 Rb8 44. Rxd4 Qxb6 45. Rxe7 Qc6 46. Rxg7+ Kxg7 47. Nh5+ Kf7 48. Nxf6 Nxf6 49. Rf4 Rd8 50. Qe2 Kg8 51. Rf5 Rd5 52. Rxd5 Qxd5 53. Kxg3 Ne4+ 54. Kg2 Nxd2 55. Qxd2 Qxd2+ 56. Nxd2 1/2-1/2


[Site "https://www.chess.com"]